 Dungeon Crawl Stone Soup version 0.17-a0-1447-g3d113ad (console) character file.

182330 Fusha the Tortoise (level 17, -4/150 HPs)
             Began as a Deep Dwarf Transmuter on June 29, 2015.
             Was the Champion of Makhleb.
             Slain by an acid blob (22 damage)
             ... on level 1 of the Pits of Slime.
             The game lasted 05:08:03 (36300 turns).

Fusha the Tortoise (Deep Dwarf Transmuter)         Turns: 36300, Time: 05:08:03

Health: -4/150     AC: 27    Str: 22    XL:     17   Next: 35%
Magic:  12/16      EV: 14    Int: 25    God:    Makhleb [******]
Gold:   2055       SH:  0    Dex: 17    Spells: 5 memorised, 16 levels left

rFire  . . .     SeeInvis .       - Unarmed
rCold  . . .     Clarity  .     S - +7 chain mail of Watchfulness {-Tele +Fly Regen+ Int+7}
rNeg   + . .     SustAt   .     (no shield)
rPois  .         Gourm    .     F - +2 helmet
rElec  .         Spirit   .     H - +2 cloak {MR+}
rCorr  +         Warding  .     f - +2 pair of gloves of Experimentation {MR- Dex+6}
rMut   .         NoTele   +     K - +1 pair of boots
MR     ++...                    M - amulet of resist corrosion
Stlth  ..........               P - +3 ring of strength
                                O - ring of magical power

@: corroded equipment, non-regenerating, very resistant to hostile enchantments,
extremely unstealthy
A: damage resistance, recharge devices, clumsy 1, low mp 1, negative energy
resistance 1, sense surroundings 2, slow healing 3, strong 1
a: Device Recharging, Minor Destruction, Lesser Servant of Makhleb, Major
Destruction, Greater Servant of Makhleb, Renounce Religion, Evoke Flight
}: 1/15 runes: barnacled


You were on level 1 of the Pits of Slime.
You worshipped Makhleb.
Makhleb was exalted by your worship.
You were not hungry.

You visited 7 branches of the dungeon, and saw 35 of its levels.
You also visited: Labyrinth, Bailey and Ice Cave.

You collected 3785 gold pieces.
You spent 1730 gold pieces at shops.

Inventory:

Missiles
 A - 409 arrows
Armour
 f - the +2 pair of gloves of Experimentation (worn) {MR- Dex+6}
   (You bought it in a shop on level 4 of the Shoals)

   It affects your dexterity (+6).
   It affects your resistance to hostile enchantments.
 D - a +0 pair of gloves
 F - a +2 helmet (worn)
 H - a +2 cloak of magic resistance (worn)
 K - a +1 pair of boots (worn)
 S - the +7 chain mail of Watchfulness (worn) {-Tele +Fly Regen+ Int+7}
   (You found it on level 1 of the Lair of Beasts)

   It affects your intelligence (+7).
   It lets you fly.
   It prevents most forms of teleportation.
   It increases your rate of regeneration.
Rods
 Q - a +0 rod of ignition (12/12)
   (You found it on level 1 of the Lair of Beasts)
Jewellery
 g - the ring of the Cast Vote {+Fly rF+ rC+}
   (You found it on level 1 of the Lair of Beasts)

   [ring of protection from cold]

   It protects you from fire.
   It protects you from cold.
   It lets you fly.
 t - an uncursed amulet of rage
 y - an uncursed amulet of warding
 I - an uncursed ring of invisibility
 L - an uncursed ring of positive energy
 M - an amulet of resist corrosion (around neck)
 O - a ring of magical power (left hand)
 P - a +3 ring of strength (right hand)
 U - an uncursed amulet of resist mutation
Magical devices
 d - a wand of heal wounds (4)
 e - a wand of slowing (23)
 l - a wand of digging (9)
 q - a wand of polymorph (13)
 r - a wand of hasting (2)
 s - a wand of teleportation (3)
 x - a wand of magic darts (27)
 B - a wand of flame (23)
 E - a wand of slowing (27)
 N - a wand of digging (8)
 V - a wand of lightning (1)
 Y - a wand of enslavement (5)
Scrolls
 h - 4 scrolls of immolation
 j - 4 scrolls of remove curse
 k - 4 scrolls of fear
 n - 17 scrolls of teleportation
 o - 2 scrolls of magic mapping
 z - 5 scrolls of blinking
 G - 2 scrolls of identify
 R - a scroll of fog
 X - a scroll of summoning
Potions
 i - a potion of magic
 u - 2 potions of cancellation
 w - a potion of resistance
Miscellaneous
 a - a stone of tremors
 c - a plain deck of changes {the Blade}
 p - a plain deck of changes {the Helix}
 v - a fan of gales (inert)
 C - a box of beasts {used: 4}
 Z - a plain deck of defence {the Shaft}
Comestibles
 b - 2 meat rations


   Skills:
 - Level 9.1 Fighting
 - Level 17.1 Armour
 - Level 9.0 Dodging
 + Level 15.0 Unarmed Combat
 * Level 9.1 Spellcasting
 - Level 3.0 Necromancy
 + Level 14.0 Transmutations
 - Level 6.0 Invocations
 - Level 9.3 Evocations


You had 16 spell levels left.
You knew the following spells:

 Your Spells              Type           Power        Failure   Level  Hunger
a - Ice Form              Ice/Trmt       #####...     14%         4    ##.....
b - Sticks to Snakes      Trmt           ######....   1%          2    None
c - Hydra Form            Trmt           ######....   14%         6    ######.
d - Blade Hands           Trmt           ######....   1%          5    ####...
e - Animate Skeleton      Necr           N/A          10%         1    None


Dungeon Overview and Level Annotations

Branches:
Dungeon (15/15)            Temple (1/1) D:6            Lair (8/8) D:8
 Shoals (4/4) Lair:6       Spider (1/4) Lair:3        Slime (2/6) Lair:8
    Orc (4/4) D:12            Elf (0/3) Orc:3        Vaults (0/5) D:14
 Depths (0/5) D:15

Altars:
Ashenzari
Cheibriados
Dithmenos
Elyvilon
Fedhas
Gozag
Kikubaaqudgha
Makhleb
Nemelex Xobeh
Okawaru
Qazlal
Ru
Sif Muna
Trog
Vehumet
Xom
Yredelemnul
Zin
The Shining One
Beogh
Jiyva

Shops:
D:11 (   D:12 :   Orc:2 *   Orc:4 !:%!   Shoals:3 ==   Shoals:4 [

Annotations:
D:8 explored, exclusion: brain worm


Innate Abilities, Weirdness & Mutations

You are resistant to damage.
You can recharge devices by infusing magical energy.
You resist negative energy.
You passively map the area around you.
You do not heal naturally.
You are clumsy. (Dex -2)
Your magical capacity is low (-10% MP).
Your muscles are strong. (Str +2)


Message History

Okay, then.
Use which ability? (? or * to list)
Okay, then.
Drink which item? (? for menu, Esc to quit)
Okay, then.
Press: ? - help, v - describe, . - travel
Here: an acid blob (severely wounded)
The floor.
Evoke which item? (* to show all) (? for menu, Esc to quit)
You have no means to grasp a wand firmly enough.
Use which ability? (? or * to list)
Your hands revert to their normal proportions.
The +2 pair of gloves of Experimentation {MR- Dex+6} unmelds from your body.
The acid blob spits acid at you. The splash of acid hits you! You resist.
The acid corrodes you!
The acid burns!
You resist.
* * * LOW HITPOINT WARNING * * *
The acid blob hits you but does no damage.
The acid blob hits you!!
You die...

#.#.##...................#....##
.....##....................#...#
#...##........................##
#...................<..........#
#..............................#*
##..........................#...#
##...#....................###.##
######....................###.#
##....#....J@................
#...........J........#......#
##....#.............#.###..## ###
#.....................##...#
##.###......................#*.##
#...##.............##......## #
#..#.................##..###
.........................#
............#...........##


You could see 2 acid blobs.

Vanquished Creatures
  A kraken (Shoals:4)
  Agnes (D:15)
  Kirke (D:15)
  Roxanne (Shoals:1)
  2 frost giants (Shoals:1)
  An orc warlord (Orc:3)
  Nessos (Lair:5)
  6 merfolk javelineers
  A minotaur (Lab)
  6 merfolk impalers
  Josephine (Orc:3)
  2 fire dragons
  5 hydras
  2 merfolk avatars (Shoals:4)
  Erica (D:10)
  6 merfolk aquamancers
  4 centaur warriors
  An ogre mage (D:15)
  The ghost of urechis the Grappler, an experienced TrMo (D:8)
  An alligator snapping turtle (Shoals:4)
  2 satyrs
  6 death yaks
  3 orc high priests (Orc:4)
  A wizard (D:15)
  Sonja (D:15)
  The ghost of pulse the Cleaver, an experienced HOFi of Makhleb (Bailey)
  5 skeletal warriors (D:15)
  The ghost of Fusha the Covert, an experienced SpCK of Xom (Bailey)
  An iron troll (D:10)
  7 sea snakes
  An unseen horror (D:13)
  4 hill giants
  A lindwurm (Lair:8)
  Pikel (D:5)
  8 harpies
  A necromancer (D:14)
  2 shining eyes (Slime:1)
  6 cyclopes
  3 wolf spiders
  3 orc sorcerers (Orc:4)
  3 deep elf conjurers
  3 water nymphs
  7 orc knights
  An oklob plant (Lair:5)
  25 elephants
  9 griffons
  11 ugly things
  9 manticores
  13 fauns
  A centaur zombie (D:13)
  8 torpor snails
  Psyche (D:12)
  10 sirens
  9 black mambas
  An orange crystal statue (Lair:1)
  4 fire drakes
  4 centaur skeletons
  A kobold demonologist (D:12)
  20 spiny frogs
  9 komodo dragons
  A freezing wraith (D:14)
  3 efreet
  4 jumping spiders (Spider:1)
  4 wind drakes
  3 two-headed ogres
  4 giant leeches (Lair:8)
  2 polar bears (IceCv)
  24 merfolk
  14 trolls
  Grinder (D:3)
  Prince Ribbit (Lair:1)
  15 blink frogs
  2 snapping turtles
  5 wraiths (Orc:3)
  A trapdoor spider (D:13)
  2 redbacks (Spider:1)
  9 water elementals
  3 shadows
  39 yaks
  6 deep elf magi
  A wyvern (D:15)
  3 basilisks
  2 vampire mosquitoes (D:15)
  A deep elf fighter (D:14)
  A hungry ghost (D:10)
  3 wargs
  A hog (D:15)
  10 wolves
  10 hippogriffs
  A mottled dragon (D:15)
  8 water moccasins
  2 ice beasts
  3 sky beasts
  10 porcupines
  5 eyes of draining
  5 black bears
  2 phantoms
  24 orc warriors
  4 wasps
  28 centaurs
  22 crocodiles
  13 ogres
  24 giant frogs
  3 big kobolds
  4 brain worms (Lair:8)
  A wyvern zombie (D:12)
  A water moccasin zombie (D:10)
  5 scorpions
  2 wyvern skeletons
  Dowan (D:6)
  14 killer bees
  5 wights (D:10)
  6 jellies
  5 electric eels (D:10)
  7 hounds
  6 crimson imps
  11 iguanas
  A giant frog skeleton (D:12)
  24 orc priests
  Ijyb (D:2)
  18 orc wizards
  2 quasits
  13 worker ants
  Jessica (D:2)
  Natasha (thrice) (D:4)
  2 killer bee zombies
  58 sheep
  2 hound zombies
  A hound skeleton (D:5)
  3 gnolls (D:7)
  14 adders
  54 river rats
  5 shadow imps
  2 oozes
  2 adder skeletons (D:5)
  19 worms
  6 giant geckos
  149 orcs
  A ball python (D:5)
  2 bat skeletons (D:5)
  27 goblins
  16 hobgoblins
  14 jackals
  8 quokkas
  18 bats
  7 giant cockroaches
  2 giant newts
  38 kobolds
  3 quokka skeletons
  14 rats
  3 plants
1182 creatures vanquished.

Vanquished Creatures (collateral kills)
  Ilsuiw (Shoals:4)
  A merfolk impaler (Shoals:4)
  8 hydras
  A sea snake (Shoals:3)
  A griffon (Shoals:4)
  A harpy (Shoals:4)
  An ugly thing (D:14)
  3 cyclopes (Shoals:1)
  2 sirens (Shoals:4)
  A spiny frog (Lair:3)
  2 efreet (D:14)
  2 komodo dragons
  2 merfolk
  3 blink frogs (Lair:5)
  6 slime creatures (Slime:1)
  A deep elf mage (D:15)
  A water elemental (Shoals:1)
  A hungry ghost (D:15)
  2 vampire mosquitoes (D:15)
  Duvessa (D:6)
  3 porcupines
  A giant frog (D:15)
  An electric eel (Lair:1)
  A giant frog skeleton (D:7)
  A jelly (Slime:1)
  2 orc wizards (Orc:4)
  Terence (D:2)
  A worm (D:2)
  A giant newt (D:2)
  2 goblins (Orc:3)
  A plant (Shoals:4)
56 creatures vanquished.

Vanquished Creatures (others)
  A hungry ghost (D:15)
  2 slaves (D:6)
  A crimson imp (D:6)
  An orc priest (Orc:4)
  An orc wizard (Orc:4)
  An adder (D:6)
  2 quokkas
  31 fungi
  9 plants
  16 tentacles (Shoals:4)
  98 tentacle segments (Shoals:4)
163 creatures vanquished.

Grand Total: 1401 creatures vanquished

Notes
Turn   | Place    | Note
--------------------------------------------------------------
     0 | D:1      | Fusha the Deep Dwarf Transmuter began the quest for the Orb.
     0 | D:1      | Reached XP level 1. HP: 16/16 MP: 3/3
    16 | D:1      | Reached skill level 1 in Fighting
    59 | D:1      | Reached XP level 2. HP: 15/25 MP: 4/4
    63 | D:1      | Learned a level 2 spell: Sticks to Snakes
   521 | D:2      | Noticed Jessica
   531 | D:2      | Reached skill level 3 in Unarmed Combat
   572 | D:2      | Killed Jessica
   572 | D:2      | Reached XP level 3. HP: 8/32 MP: 3/5
   655 | D:2      | Noticed Ijyb
   674 | D:2      | Killed Ijyb
   674 | D:2      | Reached XP level 4. HP: 32/40 MP: 4/6
   807 | D:2      | Noticed Terence
   882 | D:2      | Killed Terence
  1157 | D:3      | Reached XP level 5. HP: 21/49 MP: 4/7
  1299 | D:3      | Noticed Grinder
  1778 | D:4      | Noticed Natasha
  1805 | D:4      | Killed Natasha
  1897 | D:4      | Noticed Natasha
  1908 | D:4      | Killed Natasha
  2084 | D:4      | Noticed a black bear
  2187 | D:4      | Found a shadowy altar of Dithmenos.
  2197 | D:4      | Reached XP level 6. HP: 38/56 MP: 8/8
  2198 | D:4      | Noticed Natasha
  2203 | D:4      | Killed Natasha
  2211 | D:4      | Reached skill level 4 in Dodging
  2247 | D:4      | Found a blossoming altar of Fedhas.
  2851 | D:5      | Entered Level 5 of the Dungeon
  3022 | D:5      | Got a smoking quarterstaff
  3023 | D:5      | Identified the +2 quarterstaff of Summertime {holy, Str+2} (You took it off a hobgoblin on level 5 of the Dungeon)
  3147 | D:5      | Reached XP level 7. HP: 21/62 MP: 7/9
  3152 | D:5      | Learned a level 3 spell: Spider Form
  3161 | D:5      | HP: 2/62 [iguana (10)]
  3554 | D:5      | Reached skill level 5 in Transmutations
  3582 | D:5      | HP: 2/62 [iguana (10)]
  3590 | D:5      | Reached skill level 5 in Dodging
  3622 | D:5      | Noticed a water moccasin
  3748 | D:5      | Reached skill level 5 in Unarmed Combat
  3755 | D:5      | Reached XP level 8. HP: 28/69 MP: 8/8
  4311 | D:6      | Noticed Pikel
  4351 | D:5      | Killed Pikel
  4351 | D:5      | Reached skill level 6 in Dodging
  4449 | D:6      | Noticed Duvessa
  4449 | D:6      | Noticed Dowan
  4467 | D:6      | Killed Dowan
  4567 | D:6      | Reached skill level 7 in Transmutations
  4647 | D:6      | Gained mutation: You possess an exceptional clarity of mind. [potion of mutation]
  4647 | D:6      | Gained mutation: You are frail (-10% HP). [potion of mutation]
  4681 | D:6      | Gained mutation: You passively map the area around you. [Deep Dwarf growth]
  4681 | D:6      | Reached XP level 9. HP: 17/68 MP: 8/8
  4688 | D:6      | Learned a level 5 spell: Blade Hands
  4718 | D:6      | Reached skill level 1 in Evocations
  5016 | D:6      | Found a staircase to the Ecumenical Temple.
  5174 | D:6      | Killed Duvessa
  5872 | D:7      | Reached skill level 5 in Evocations
  5977 | Temple   | Entered the Ecumenical Temple
  6417 | D:7      | Found a radiant altar of Vehumet.
  6418 | D:7      | Found a burning altar of Makhleb.
  6462 | D:7      | Became a worshipper of Makhleb the Destroyer
  7194 | D:4      | Killed a black bear
  7194 | D:4      | Reached skill level 8 in Transmutations
  7274 | D:3      | Killed Grinder
  7583 | D:8      | Found a staircase to the Lair.
  7872 | D:8      | Noticed urechis's ghost (experienced TrMo)
  7941 | D:7      | Lost mutation: You are frail (-10% HP). [potion of cure mutation]
  7941 | D:7      | Lost mutation: You possess an exceptional clarity of mind. [potion of cure mutation]
  8242 | D:8      | Acquired Makhleb's first power
  8355 | D:8      | Reached XP level 10. HP: 45/87 MP: 8/8
  8656 | D:8      | Killed urechis's ghost
  8656 | D:8      | Reached skill level 5 in Fighting
  8836 | Lair:1   | Entered Level 1 of the Lair of Beasts
  9143 | Lair:1   | HP: 3/91 [porcupine's spines (14)]
  9266 | Lair:1   | Reached skill level 9 in Transmutations
  9949 | Lair:1   | Identified a +0 rod of ignition (12/12) (You found it on level 1 of the Lair of Beasts)
 10155 | Lair:1   | Acquired Makhleb's second power
 10335 | Lair:1   | Reached XP level 11. HP: 68/97 MP: 0/9
 10354 | Lair:1   | Got a brightly glowing quarterstaff
 10355 | Lair:1   | Identified the +6 quarterstaff of Exquisite Torment {pain, rC+ rN+++ MR- Dex-2} (You found it on level 1 of the Lair of Beasts)
 10361 | Lair:1   | Got a smoking lajatang
 10362 | Lair:1   | Identified the +8 lajatang "Wysowuwaps" {slice, MR++} (You found it on level 1 of the Lair of Beasts)
 10369 | Lair:1   | Got a bound silver ring
 10370 | Lair:1   | Identified the ring of the Cast Vote {+Fly rF+ rC+} (You found it on level 1 of the Lair of Beasts)
 10372 | Lair:1   | Got an ichor-stained chain mail
 10383 | Lair:1   | Identified the +7 chain mail of Watchfulness {-Tele +Fly Regen+ Int+7} (You found it on level 1 of the Lair of Beasts)
 11006 | Lair:2   | Reached skill level 5 in Spellcasting
 11271 | Lair:2   | Noticed Prince Ribbit
 11675 | Lair:1   | Killed Prince Ribbit
 12051 | Lair:2   | Reached skill level 1 in Armour
 12116 | Lair:2   | Noticed a seven-headed hydra
 12138 | Lair:2   | HP: 3/97 [11-headed hydra (12)]
 12235 | Lair:2   | Acquired Makhleb's third power
 12235 | Lair:2   | Reached skill level 10 in Transmutations
 12350 | Lair:3   | Noticed a four-headed hydra
 12767 | Lair:3   | HP: 7/145 [black mamba (8)]
 12906 | Lair:3   | Killed a four-headed hydra
 12917 | Lair:3   | Acquired Makhleb's fourth power
 12987 | Lair:3   | Found a hole to the Spider Nest.
 13004 | Lair:3   | Reached XP level 12. HP: 47/105 MP: 3/8
 13108 | Lair:3   | Reached skill level 5 in Armour
 13188 | Lair:3   | Reached skill level 10 in Unarmed Combat
 13521 | Lair:3   | Found a snail-covered altar of Cheibriados.
 13992 | Lair:4   | Found an iron altar of Okawaru.
 14000 | Lair:4   | Found a frozen archway.
 14013 | IceCv    | Entered an ice cave
 14862 | Lair:4   | Got an ancient plate armour
 14873 | Lair:4   | Identified the +8 plate armour of Life {MP+9 Str-3 Int+4 Slay+5} (You found it on level 4 of the Lair of Beasts)
 15025 | Lair:4   | Noticed an eight-headed hydra
 15285 | Lair:5   | Noticed a six-headed hydra
 15393 | Lair:5   | Noticed Nessos
 15523 | Lair:5   | Reached skill level 11 in Transmutations
 15745 | Lair:5   | Acquired Makhleb's fifth power
 15798 | Lair:5   | Reached XP level 13. HP: 82/111 MP: 8/8
 16047 | Lair:5   | Noticed a five-headed hydra
 16402 | Lair:6   | Found a staircase to the Shoals.
 16413 | Lair:6   | Reached skill level 10 in Armour
 18103 | Lair:7   | Reached skill level 12 in Armour
 18162 | Lair:7   | Reached skill level 1 in Invocations
 18268 | Lair:8   | Entered Level 8 of the Lair of Beasts
 18422 | Lair:8   | Found a viscous altar of Jiyva.
 18423 | Lair:8   | Found a staircase to the Slime Pits.
 18888 | Lair:8   | Gained mutation: You resist negative energy. [Deep Dwarf growth]
 18888 | Lair:8   | Reached XP level 14. HP: 118/120 MP: 9/9
 18918 | Lair:8   | Reached skill level 5 in Invocations
 19267 | Lair:8   | Found a runed door.
 19407 | Lair:8   | Paralysed by a wasp for 2 turns
 19975 | Lair:5   | Killed a six-headed hydra
 20227 | Lair:5   | Killed a five-headed hydra
 20412 | Lair:5   | Killed Nessos
 20903 | Lair:5   | Found a blossoming altar of Fedhas.
 21514 | Lair:4   | Killed an eight-headed hydra
 21707 | D:9      | Found a shattered altar of Ashenzari.
 21868 | D:9      | Found a glowing golden altar of the Shining One.
 21869 | D:9      | Found a white marble altar of Elyvilon.
 21869 | D:9      | Found a bloodstained altar of Trog.
 21869 | D:9      | Found a stormy altar of Qazlal.
 21869 | D:9      | Found a shimmering altar of Xom.
 21869 | D:9      | Found a deep blue altar of Sif Muna.
 21879 | D:9      | Found a snail-covered altar of Cheibriados.
 22296 | D:10     | Entered Level 10 of the Dungeon
 22504 | D:10     | Found a runed door.
 22508 | D:10     | Found a runed door.
 22929 | D:10     | Learned a level 4 spell: Ice Form
 23012 | D:10     | Noticed Erica
 23028 | D:10     | Killed Erica
 23680 | D:11     | Found Doliq's Antique Weapon Shoppe.
 23884 | D:12     | Noticed Psyche
 23887 | D:12     | Killed Psyche
 23923 | D:12     | Found Raif's Book Shoppe.
 23928 | D:12     | Bought a book of Cantrips for 260 gold pieces
 23930 | D:12     | Learned a level 1 spell: Animate Skeleton
 24000 | D:12     | Found a roughly hewn altar of Beogh.
 24000 | D:12     | Found a staircase to the Orcish Mines.
 24514 | Orc:1    | Entered Level 1 of the Orcish Mines
 24879 | Orc:2    | Found Xuixiy's General Store.
 24935 | Orc:2    | Bought a box of beasts for 280 gold pieces
 25375 | Orc:3    | Found a staircase to the Elven Halls.
 25509 | Orc:3    | Found a flagged portal.
 25530 | Bailey   | Entered a bailey
 25554 | Bailey   | Noticed Fusha's ghost (experienced SpCK)
 25565 | Bailey   | Killed Fusha's ghost
 25682 | Bailey   | Noticed pulse's ghost (experienced HOFi)
 25696 | Bailey   | Killed pulse's ghost
 25709 | Bailey   | Reached XP level 15. HP: 87/135 MP: 10/10
 25873 | Orc:3    | Noticed Josephine
 25895 | Orc:3    | Killed Josephine
 26531 | Orc:4    | Entered Level 4 of the Orcish Mines
 26714 | Orc:4    | Found a bloodstained altar of Trog.
 26789 | Orc:4    | Reached skill level 13 in Unarmed Combat
 27311 | Orc:4    | Found Solebron's Book Emporium.
 27311 | Orc:4    | Found Waebb's Distillery.
 27314 | Orc:4    | Found Hisudoe Cuic's Distillery.
 27314 | Orc:4    | Found Kikhloept's Food Boutique.
 27330 | Orc:4    | Bought a potion of might for 56 gold pieces
 27330 | Orc:4    | Bought a potion of agility for 56 gold pieces
 27339 | Orc:4    | Bought a bread ration for 55 gold pieces
 27339 | Orc:4    | Bought a bread ration for 55 gold pieces
 27339 | Orc:4    | Bought a meat ration for 55 gold pieces
 27342 | Orc:4    | Bought a slice of pizza for 16 gold pieces
 27342 | Orc:4    | Bought a slice of pizza for 16 gold pieces
 27350 | Orc:4    | Gained mutation: Your muscles are strong. (Str +2) [potion of mutation]
 27350 | Orc:4    | Gained mutation: You are clumsy. (Dex -2) [potion of mutation]
 27972 | D:13     | Reached skill level 1 in Necromancy
 28281 | D:13     | You fall through a shaft for 2 floors!
 28281 | D:15     | Entered Level 15 of the Dungeon
 28310 | D:15     | Found a labyrinth entrance.
 28319 | Lab      | Entered a labyrinth
 28705 | Lab      | Got a slimy chain mail
 28722 | Lab      | Identified the cursed +0 chain mail "Xevu" {rElec Dex+6} (You found it in a labyrinth)
 28917 | D:15     | Found a white marble altar of Elyvilon.
 29114 | D:15     | Noticed Agnes
 29239 | D:15     | Killed Agnes
 29446 | D:15     | Noticed Kirke
 29454 | D:15     | Noticed a sphinx
 29458 | D:15     | Killed Kirke
 29475 | D:15     | Noticed Sonja
 29485 | D:15     | Killed Sonja
 29617 | D:15     | Found a staircase to the Depths.
 30078 | D:14     | You fall through a shaft!
 30381 | D:14     | Found a gate to the Vaults.
 30505 | D:14     | Got a crude ring mail
 30516 | D:14     | Identified the +5 ring mail "Ystienillu" {rF+ rC- rN+ Slay+2} (You found it on level 14 of the Dungeon)
 30582 | D:14     | Reached skill level 14 in Armour
 30602 | D:14     | Reached XP level 16. HP: 144/144 MP: 14/14
 31551 | Spider:1 | Entered Level 1 of the Spider Nest
 31756 | Shoals:1 | Entered Level 1 of the Shoals
 31782 | Shoals:1 | Reached skill level 15 in Armour
 31837 | Shoals:1 | Noticed Roxanne
 31871 | Shoals:1 | Killed Roxanne
 32476 | Shoals:1 | Reached skill level 16 in Armour
 32497 | Shoals:1 | Identified a scroll of acquirement
 32594 | Shoals:1 | Got a fine hat
 32605 | Shoals:1 | Identified the +3 hat "Bom Wut" {rPois Str-5 Int+8} (You acquired it on level 1 of the Shoals)
 32794 | Shoals:2 | Learned a level 6 spell: Hydra Form
 33597 | Shoals:3 | Reached skill level 17 in Armour
 33837 | Shoals:3 | Found Ukhlalem's Jewellery Emporium.
 34043 | Shoals:3 | Found Yphinn's Jewellery Emporium.
 34052 | Shoals:3 | Bought an uncursed amulet of resist mutation for 520 gold pieces
 34221 | Shoals:4 | Entered Level 4 of the Shoals
 34288 | Shoals:3 | HP: 5/144 [poisoned by a merfolk impaler]
 34417 | Shoals:4 | Found a white marble altar of Elyvilon.
 34467 | Shoals:4 | Noticed Ilsuiw
 34587 | Shoals:4 | Reached XP level 17. HP: 148/150 MP: 7/13
 35067 | Shoals:4 | Got a barnacled rune of Zot
 35092 | Shoals:4 | Found Zeuhuej's Antique Armour Shoppe.
 35116 | Shoals:4 | Bought a pair of translucent gloves for 361 gold pieces
 35139 | Shoals:4 | Identified the +2 pair of gloves of Experimentation {MR- Dex+6} (You bought it in a shop on level 4 of the Shoals)
 35164 | Shoals:4 | Killed Ilsuiw
 35957 | Slime:1  | Entered Level 1 of the Pits of Slime
 35967 | Slime:1  | Gained mutation: Your magical capacity is low (-10% MP). [a shining eye]
 36091 | Slime:1  | Reached skill level 15 in Unarmed Combat
 36300 | Slime:1  | Slain by an acid blob

Vault maps used:
D:1:      minmay_arrival_three_doors
D:2:      uniq_iyjb, uniq_jessica, uniq_terence
D:3:      first_bread, uniq_grinder
D:4:      black_bear_nest_1, fedhas_altar_1, overflow_temple_1_default,
          uniq_natasha
D:5:      minmay_splitting_lines, nrook_mini_vaults
D:6:      old_forge, minmay_temple_entry_metal_lava, uniq_duvessa, uniq_pikel
D:7:      grunt_temple_overflow_lords_of_destruction
D:8:      dpeg_lair_monsters, blue_anna_alchemist, minmay_brainsmasher
D:9:      grunt_temple_overflow_open, basic_altar, minivault_4
D:10:     lemuel_troll_bridge, kennysheep_boxes, uniq_erica
D:11:     serial_shops, nicolae_shop_crystal, minivault_19
D:12:     david_orc_5, serial_shops, shop, uniq_psyche
D:13:     minmay_item_behind_shaft
D:14:     david_vaults_1, hangedman_abyss_or_decor_slice
D:15:     grunt_enter_depths_magical_seal, elyvilon_altar_4, lab_entry_generic,
          uniq_sonja, uniq_agnes, uniq_kirke
Temple:   minmay_temple_bridge_a_8
Lair:1:   statuecave_lemuel, beast_lair_carwin_4
Lair:2:   uniq_prince_ribbit2
Lair:3:   spider_nest_entry_web_field, kennysheep_snail_temple,
          serial_bayou_shore_b
Lair:4:   basic_altar, portal_ice_cave_entry_pillars_01,
          bh_autumn_forest_stairs, grunt_megastairs_5
Lair:5:   minivault_27, lemuel_oklob_altar, uniq_nessos
Lair:6:   minmay_shoals_entry_beasts, eino_small_chamber_without_monster,
          infiniplex_staircase_pool_2, grunt_megastairs_2
Lair:8:   wormcave, dpeg_slime_entry_enclosed_altar
Shoals:1: st_sunken_temple, uniq_roxanne
Shoals:3: serial_shops, shop, shop_fountains
Shoals:4: serial_shops, nicolae_shop_stone, shoals_end_hangedman, shoal_ilsuiw,
          lemuel_centaur_altar
Spider:1: uniq_frances
Orc:2:    serial_shops, shop, statue_in_the_mist_lemuel,
          nicolae_orc_sculptors_studio
Orc:3:    enter_bailey_3, nicolae_orc_pool_cavern, nicolae_orc_lava_room,
          uniq_josephine
Orc:4:    grunt_orc_tribal_feast, basic_altar
Lab:      labyrinth_watery, nicolae_lab_grate
Bailey:   bailey_axe_1, bailey
IceCv:    ice_cave_small_giant

Action                   |  1- 3 |  4- 6 |  7- 9 | 10-12 | 13-15 | 16-18 || total
-------------------------+-------+-------+-------+-------+-------+-------++-------
Melee: Unarmed           |   109 |   341 |   351 |   559 |  1851 |   783 ||  3994
       Quarterstaff      |       |    17 |   189 |       |       |       ||   206
 Cast: Beastly Appendage |     9 |    39 |    63 |    16 |     4 |       ||   131
       Sticks to Snakes  |     1 |    10 |     6 |    29 |    63 |     2 ||   111
       Blade Hands       |       |       |       |    56 |   116 |    48 ||   220
       Spider Form       |       |       |       |       |     1 |       ||     1
       Animate Skeleton  |       |       |       |       |    21 |    34 ||    55
       Ice Form          |       |       |       |       |       |     1 ||     1
 Abil: Device Recharging |       |       |     6 |     8 |     1 |     5 ||    20
       Evoke Berserk Rag |       |       |     2 |     9 |     6 |     4 ||    21
       Evoke Flight      |       |       |       |     1 |       |     8 ||     9
       Evoke Invisibilit |       |       |       |     1 |       |     1 ||     2
       End Transformatio |       |       |       |       |     6 |    14 ||    20
Evoke: Wand              |     1 |     8 |    42 |    63 |    63 |    45 ||   222
       Rod               |       |       |       |     6 |     2 |     6 ||    14
       Box of beasts     |       |       |       |       |       |     4 ||     4
       Fan of gales      |       |       |       |       |       |     1 ||     1
  Use: Potion            |     2 |     1 |     7 |     9 |     8 |    15 ||    42
       Scroll            |       |    11 |     8 |    12 |    22 |    13 ||    66
 Stab: Distracted        |       |     2 |       |     2 |       |     9 ||    13
       Invisible         |       |       |       |     1 |     2 |       ||     3
  Eat: Fruit             |       |     4 |     3 |    24 |     3 |     1 ||    35
       Meat ration       |       |     2 |     1 |     4 |     5 |     5 ||    17
       Pizza             |       |       |     3 |     1 |     3 |     1 ||     8
       Royal jelly       |       |       |     2 |       |       |       ||     2
       Bread ration      |       |       |     1 |     2 |    10 |     1 ||    14
       Beef jerky        |       |       |       |     3 |     3 |     2 ||     8
       Chunk             |       |       |       |       |     9 |     5 ||    14
